 Dungeon Crawl Stone Soup version 0.32-a0-814-g0968bab981 (webtiles) character file.

Game seed: 15944712293279811314

45 inmateoo the Poker (level 3, 0/28 HPs)
             Began as a Coglin Gladiator on Mar 22, 2024.
             Slain by Natasha (6 damage)
             ... on level 2 of the Dungeon.
             The game lasted 00:00:57 (984 turns).

inmateoo the Poker (Coglin Gladiator)                Turns: 984, Time: 00:00:57

Health: 0/28       AC:  4    Str: 16    XL:     3   Next: 64%
Magic:  3/3        EV: 11    Int:  7    God:
Gold:   12         SH:  0    Dex: 15    Spells: 2/2 levels left

rFire   . . .        a - +0 trident {Suni}
rCold   . . .        h - +2 dagger (elec) {Hwan}
rNeg    . . .        b - +0 leather armour
rPois   .            c - +0 helmet
rElec   .            (no cloak)
rCorr   .            (no gloves)
SInv    .            (no boots)
Will    .....        (amulet unavailable)
Stlth   +            (ring unavailable)
HPRegen 0.24/turn    (ring unavailable)
MPRegen 0.08/turn    (no gizmo)

%: no passive effects
@: revving
A: off-hand wielding, slow wielding, warmup strikes, no jewellery
a: Invent Gizmo


You were on level 2 of the Dungeon.
You visited 1 branch of the dungeon, and saw 2 of its levels.

You collected 12 gold pieces.

Inventory:

Hand Weapons
 a - a +0 trident (weapon) {Suni}
 h - a +2 dagger of electrocution (offhand) {Hwan}
Missiles
 d - 3 throwing nets (quivered)
 e - a javelin
Armour
 b - a +0 leather armour (worn)
 c - a +0 helmet (worn)
Potions
 f - a potion of mutation {unknown}
 g - 2 potions of lignification {unknown}
 i - a potion of curing {unknown}
 j - a potion of brilliance {unknown}


   Skills:
 + Level 2.4 Fighting
 * Level 3.3 Polearms
 - Level 1.7 Throwing
 + Level 1.0 Armour
 + Level 3.0 Dodging


You had 2 spell levels left.
You didn't know any spells.
Your spell library was empty.

Dungeon Overview and Level Annotations

Branches:
Dungeon (2/15)

Altars:

Annotations:
D:2 Natasha


Innate Abilities, Weirdness & Mutations

You can wield a second weapon in your off-hand.
It takes a long time for you to wield or remove held weapons.
Your first few attacks do less damage.
You cannot equip rings or amulets.


Message History

The kobold attacks as it pursues you! The kobold misses you.
You puncture the kobold with your +0 trident!
You kill the kobold!
You hit the ribbon worm with your +2 dagger of electrocution.
The ribbon worm is heavily wounded.
You puncture the ribbon worm with your +0 trident!
The ribbon worm expels a string of sticky webbing.
The stream of webbing hits you but does no damage.
You are caught in a web!
The web tears apart.
The ribbon worm closely misses you.
You hit the ribbon worm with your +0 trident.
You kill the ribbon worm!
No target in view!
Things that are here:
a +0 whip; a ribbon worm corpse; a kobold corpse You start resting.
HP restored.
You open the door.
There is an open door here.
Natasha, Servant of Life and Death comes into view.
She is carrying a wand of flame.
Natasha is nearby!
Natasha stares at you and mumbles some strange words.
You resist with significant effort.
Natasha zaps a wand.
The puff of flame hits you!
Natasha stares at you and mumbles some strange words.
The magic dart hits you!
You are too injured to fight recklessly!
You are too injured to fight recklessly!
Natasha barely misses you.
You hit Natasha with your +2 dagger of electrocution.
Natasha is moderately wounded.
You barely miss Natasha with your +0 trident.
Natasha claws you.
* * * LOW HITPOINT WARNING * * *
You hit Natasha but do no damage.
Natasha is moderately wounded.
You barely miss Natasha with your +2 dagger of electrocution.
Natasha claws you.
You die...
Natasha begins licking her fur clean.

#......#....#
##'###)#....###
#.# #.........
#.# #.......##
#.# #.......#
#.# #.......#
#.###.......#
#...+.......+
#@###.......#
#h# #.......+
#.# #.# #.# #.#
#.# #.#


You could see Natasha.

Vanquished Creatures
  A ribbon worm (D:2)
  A dart slug (D:1)
  5 bats (D:1)
  4 endoplasms
  2 giant cockroaches (D:1)
  4 goblins
  5 hobgoblins (D:1)
  2 jackals (D:1)
  2 kobolds
  2 quokkas (D:1)
  3 ball pythons (D:1)
  2 frilled lizards (D:1)
  2 rats (D:1)
35 creatures vanquished.

Notes
Turn   | Place    | Note
-------+----------+-------------------------------------------
     0 | D:1      | inmateoo the Coglin Gladiator began the quest for the Orb.
     0 | D:1      | Reached XP level 1. HP: 16/16 MP: 1/1
   132 | D:1      | Reached XP level 2. HP: 19/22 MP: 2/2
   391 | D:1      | Reached XP level 3. HP: 25/27 MP: 3/3
   782 | D:1      | Reached skill level 1 in Armour
   977 | D:2      | Noticed Natasha
   984 | D:2      | Slain by Natasha

Illustrated notes

Levels and vault maps discovered:
D:1:      noname_arrival_rooms_in_the_neighbourhood, layout_loops_corners,
          st_stairs_6
D:2:      layout_basic, basic_ecumenical_altar, grunt_ministairs_5,
          chequers_serial_rivers_micro_c, serial_bayou_pond_e, uniq_terence,
          uniq_sigmund, uniq_natasha

Skill      XL: |  1  2  3 |
---------------+----------+-----
Polearms       | 3 |  3.3
Dodging        | 3 |  3.0
Armour         | 1 |  1.0
Fighting       | |  2.4
Throwing       | |  1.7

Action                     || total
---------------------------++-------
  Melee: Trident           ||    78
         Dagger            ||    54
   Stab: Sleeping          ||     6
 Armour: Leather armour    ||    37
  Dodge: Dodged            ||    41

Table legend: (Time is in decaauts)
 A = Elapsed time spent in this place.
 B = Non-inter-level travel time spent in this place.
 C = Inter-level travel time spent in this place.
 D = Time resting spent in this place.
 E = Time spent auto-exploring this place.
 F = Levels seen in this place.
 G = Mean time per level.
                   A        B        C        D        E       F      G
               +--------+--------+--------+--------+--------+-----+--------+
         Total |    989 |    983 |      6 |     15 |    780 |   2 |  494.5 |
       Dungeon |    989 |    983 |      6 |     15 |    780 |   2 |  494.5 |
               +--------+--------+--------+--------+--------+-----+--------+

Top non-repeatable levels by time:
     D:1: 923 daAuts
     D:2: 66 daAuts
